 Dungeon Crawl Stone Soup version 0.30-a0-946-gec5dcfc036 (webtiles) character file.

Game seed: 14316785455666147446

30636 sanka the Severer (level 13, -9/125 HPs)
             Began as a Hill Orc Brigand on Mar 26, 2023.
             Was a High Priest of Beogh.
             Mangled by a death yak (18 damage)
             ... on level 3 of the Lair of Beasts.
             The game lasted 00:34:27 (20386 turns).

sanka the Severer (Hill Orc Brigand)               Turns: 20386, Time: 00:34:28

Health: -9/125     AC: 16    Str: 19    XL:     13   Next: 53%
Magic:  16/16      EV:  8    Int: 11    God:    Beogh [*****.]
Gold:   1037       SH:  0    Dex: 12    Spells: 12/12 levels left

rFire   . . .      SeeInvis .    a - +3 battleaxe
rCold   . . .      Faith    .    (shield currently unavailable)
rNeg    . . .      Spirit   .    v - +0 chain mail
rPois   .          Reflect  .    (no helmet)
rElec   .          Rampage  .    c - +0 cloak
rCorr   .                        r - +0 pair of gloves
Will    .....                    h - +0 pair of boots Stlth
                                 m - amulet of the acrobat
HPRegen 0.40/turn                U - +4 ring of slaying
MPRegen 0.15/turn                j - +4 ring of slaying

@: no status effects
A: walk on water
a: Renounce Religion, Smiting, Recall Orcish Followers, Give Item to Named
Follower


You were on level 3 of the Lair of Beasts.
You worshipped Beogh.
Beogh was extremely pleased with you.
You visited 2 branches of the dungeon, and saw 15 of its levels.

You collected 1359 gold pieces.
You spent 322 gold pieces at shops.


   Skills:
 + Level 14.4 Fighting
 - Level 2.0 Short Blades
 - Level 20.0 Axes
 - Level 1.7 Throwing
 + Level 11.3 Armour
 - Level 0.7 Dodging
 - Level 3.2 Stealth
 - Level 5.0 Invocations


You had 12 spell levels left.
You didn't know any spells.
Your spell library contained the following spells:

 Spells                   Type           Power      Damage    Failure   Level
 Apportation              Tloc           0%         N/A       95%         1
 Necrotise                Necr           0%         1d4       95%         1
 Summon Small Mammal      Summ           0%         N/A       95%         1
 Dazzling Flash           Conj/Hex       0%         N/A       100%        3
 Gell's Gravitas          Tloc           0%         N/A       100%        3
 Hailstorm                Conj/Ice       0%         3d3       100%        3
 Ozocubu's Armour         Ice            0%         N/A       100%        3
 Vhi's Electric Charge    Tloc/Air       0%         N/A       100%        3
 Animate Armour           Summ/Erth      0%         N/A       100%        4
 Ice Form                 Ice/Tmut       0%         N/A       100%        4
 Iskenderun's Mystic Bla  Conj/Tloc      0%         2d3       100%        4
 Summon Lightning Spire   Summ/Air       0%         N/A       100%        4
 Blade Hands              Tmut           0%         N/A       100%        5
 Metabolic Englaciation   Hex/Ice        0%         N/A       100%        5
 Iron Shot                Conj/Erth      0%         9d1       100%        6
 Simulacrum               Ice/Necr       0%         N/A       100%        6
 Starburst                Conj/Fire      0%         6d3       100%        6
 Enfeeble                 Hex            0%         N/A       100%        7
 Storm Form               Tmut/Air       0%         N/A       100%        7
 Maxwell's Capacitive Co  Air            0%         ∞         100%        8

Inventory:

Hand Weapons
 a - a +3 battleaxe (weapon)
 b - the +5 dagger of the Dead {freeze, Will+++ rCorr MP-9}

   MP:        It affects your magic capacity (-9).
   rCorr:     It protects you from acid and corrosion.
   Will:      It greatly increases your willpower.
 t - a +2 morningstar of flaming
Missiles
 M - 2 curare-tipped darts {=f}
 V - 2 javelins
 W - 7 boomerangs
Armour
 c - a +0 cloak (worn)
 h - a +0 pair of boots (worn)
 r - a +0 pair of gloves (worn)
 v - a +0 chain mail (worn)
Jewellery
 j - a +4 ring of slaying (right hand)
 m - an amulet of the acrobat (around neck)
 p - a ring of fire
 y - a +5 ring of evasion
 Q - a ring of fire
 S - a ring of ice
 U - a +4 ring of slaying (left hand)
Wands
 e - a wand of roots (6)
 l - a wand of flame (29)
 z - a wand of mindburst (18)
 D - a wand of digging (8)
 I - a wand of light (15)
 O - a wand of charming (4)
Scrolls
 g - a scroll of torment {!r}
 k - 10 scrolls of teleportation {@r4}
 q - 3 scrolls of enchant armour
 u - 5 scrolls of blinking
 x - 4 scrolls of immolation {!r}
 E - 6 scrolls of fog
 J - 2 scrolls of enchant weapon
 K - 3 scrolls of poison {!r}
 N - 4 scrolls of noise {!r}
 R - a scroll of vulnerability {!r}
 Z - 2 scrolls of fear
Potions
 d - 4 potions of mutation {!q}
 f - 5 potions of flight
 i - 2 potions of lignification {!q}
 n - 3 potions of berserk rage {!q}
 o - 5 potions of attraction {!q}
 s - a potion of cancellation
 w - 4 potions of magic
 B - a potion of ambrosia
 C - 2 potions of invisibility
 F - 4 potions of curing {@q1}
 G - 4 potions of resistance
 H - 2 potions of haste {@q3}
 L - 3 potions of heal wounds {@q2}
 P - a potion of brilliance {unknown}
 Y - a potion of might
Miscellaneous
 T - a piece from Xom's chessboard (15/15)
 X - a phantom mirror

Dungeon Overview and Level Annotations

Branches:
Dungeon (11/15)            Temple (0/1) D:4            Lair (4/5) D:10
  Swamp (0/4) Lair:3        Snake (0/4) Lair:3          Orc (0/2) D:10
  Slime: Lair:4-5

Altars:
Ashenzari
Cheibriados
Dithmenos
Elyvilon
Kikubaaqudgha
Makhleb
Okawaru
Qazlal
Trog
Vehumet
Xom
Yredelemnul
Zin

Shops:
D:7 *?

Annotations:
Lair:1 3 runed translucent doors, Weneqiut's ghost, novice FeCj ....▒▒ ▒▒...▒.....▒▒▒...........▒ ▒.▒▒▒ ▒...▒▒▒....▒ ▒▒▒.........▒ ▒▒▒ ▒......▒...▒▒ ▒..▒▒f..▒▒▒ ▒▒▒...f.+▒..▒ ▒...▒▒▒▒▒ ▒ ▒ ▒...ff..▒▒▒ ▒▒.+.▒▒▒▒▒▒ ♣▒▒ ▒▒▒▒..▒P...▒ ▒...)...... ~≈▒ ▒▒..........▒ ▒.......... PP▒

▒▒f..........▒ ▒..........
~.▒▒▒..>.......Yo▒▒▒▒▒▒..........
....P...........Y...f▒▒..........
P♣▒....▒.........▒...^...........
.~▒...▒▒..........▒...+..........
~P▒▒▒▒▒▒.........▒.▒▒▒▒..........
~▒▒ ▒▒▒▒.▒.▒▒▒▒▒▒ ▒........... ▒▒
▒.▒▒▒ ▒.▒▒.▒▒▒.P▒▒ .▒ ▒.▒
▒▒▒▒.▒▒.▒▒▒ ▒▒ ▒▒▒▒.▒▒ ▒...▒▒


You could see 2 death yaks.


Message History

You barely miss the death yak.
The blink frog blinks!
The blink frog blinks!
The death yak gores you!
* * * LOW HITPOINT WARNING * * *
Unknown command.
The death yak attacks as you move away! The death yak barely misses you.
The death yak attacks as you move away! The death yak completely misses you.
The death yak gores you but does no damage.
The death yak attacks as you move away! The death yak closely misses you.
There is a stone staircase leading up here.
The death yak gores you but does no damage.
The death yak gores you!!
* * * LOW HITPOINT WARNING * * *
You climb upwards.
There is a stone staircase leading down here.
Unknown command.
You slice the death yak!!
The death yak is severely wounded.
You slash the death yak! You hit the death yak but do no damage.
The death yak is severely wounded.
You slash the death yak! The death yak gores you!!
* * * LOW HITPOINT WARNING * * *
The death yak gores you!!
You die...

Action                     |  1- 3 |  4- 6 |  7- 9 | 10-12 | 13-15 || total
---------------------------+-------+-------+-------+-------+-------++-------
  Melee: Dagger            |   115 |    70 |       |       |       ||   185
         Hand axe          |       |    97 |   208 |       |       ||   305
         Punch             |       |     1 |     1 |       |       ||     2
         Battleaxe         |       |       |   116 |   490 |   112 ||   718
  Throw: Dart              |       |     3 |     8 |    18 |       ||    29
 Invoke: Convert to Beogh  |       |       |     1 |       |       ||     1
         Smiting           |       |       |       |     2 |       ||     2
         Recall Orcish Fol |       |       |       |     1 |       ||     1
    Use: Potion            |       |     2 |     2 |     5 |       ||     9
         Scroll            |       |       |     8 |     9 |     5 ||    22
   Stab: Sleeping          |     8 |     5 |     3 |     2 |       ||    18
         Distracted        |       |       |       |     3 |     1 ||     4
         Petrified         |       |       |       |       |     6 ||     6
 Armour: Robe              |    30 |     9 |       |       |       ||    39
         Chain mail        |       |    19 |       |   127 |    36 ||   182
         Ring mail         |       |    17 |    74 |    24 |       ||   115
  Dodge: Dodged            |    49 |    88 |   235 |   398 |    57 ||   827

Levels and vault maps discovered:
D:1:      amcnicky_arrival_single_pillar, layout_loops_corners, serial_forest,
          infiniplex_forest_clump_C, infiniplex_forest_lined_3,
          infiniplex_forest_lined_room_2, infiniplex_forest_zigzag_2,
          infiniplex_forest_join, infiniplex_forest_straight_4,
          infiniplex_forest_straight_3, infiniplex_forest_clump_medium,
          infiniplex_forest_straight_4, infiniplex_forest_zigzag_1
D:2:      layout_loops_ring
D:3:      minmay_diamond_boxcup, layout_loops_ring,
          mainiacjoe_overflow_surrounded_room, kennysheep_small_spiral
D:4:      layout_basic, mainiacjoe_overflow_cross_hatched,
          minmay_temple_entry_ruins, serial_rivers,
          chequers_serial_rivers_micro_e, chequers_serial_rivers_micro_b,
          chequers_serial_rivers_micro_b, chequers_serial_rivers_small_a,
          chequers_serial_rivers_micro_b, chequers_serial_rivers_small_a,
          minivault_27, uniq_menkaure
D:5:      layout_loops_cross, cheibrodos_ashenzari_chains,
          mainiacjoe_overflow_six_doors_small, marbit_many_paths, st_stairs_12
D:6:      layout_loops_corners, lemuel_doored_altar,
          chequers_serial_rivers_marsh, corexii_corridor_pit, nicolae_half_adder
D:7:      layout_loops_corners, nicolae_yredelemnul_corpse_copse,
          lemuel_round_altar, vehumet_crystals, chei_slow_surprise,
          serial_shops, nicolae_shop_stone, nicolae_shop_stone
D:8:      minmay_the_grid_octo_tiled_squarecenter [minmay_the_grid_octo_focus,
          minmay_the_grid_octo_empty, minmay_the_grid_octo_pinwheel,
          minmay_the_grid_octo_teeth,
          minmay_the_grid_square_5x5_megaprize_checkered,
          minmay_the_grid_square_5x5_forky, minmay_the_grid_square_5x5_corner,
          minmay_the_grid_square_5x5_eight, minmay_the_grid_square_5x5_bite],
          layout_basic, makhleb_altar_promises_db, lemuel_tele_altar,
          serial_curves, eino_curves_01, eino_curves_03, eino_curves_04,
          abandoned_shop, uniq_maggie
D:9:      layout_irregular_city, nicolae_elyvilon_temple_path,
          serial_co_window_serial, co_window_corner_a, co_window_paths_a,
          co_window_corner_a, co_window_paths_b, co_window_corner_a,
          co_window_corner_a, co_window_of_opportunity_a, co_window_paths_c,
          co_window_cross_2, co_window_corner_cb, co_window_cross_3,
          co_window_paths_c, co_window_2corner, co_window_paths_c,
          co_window_paths_e, glass_columns_b, glass_columns_c, glass_columns_b,
          glass_columns_c, glass_columns_a
D:10:     layout_basic, david_lair_shrubbed, david_orc_1_choice,
          grunt_potential, uniq_erica
D:11:     layout_small_grid
Lair:1:   layout_cave_pods, gammafunk_ghost_hydra_chop, grunt_megastairs_5
Lair:2:   layout_loops_ring
Lair:3:   layout_roguey, swamp_mist_pool, guppyfry_snake_entry_garden
Lair:4:   layout_gridlike, slime_entry_1, lemuel_old_faithful,
          lemuel_fruit_fields, uniq_nessos

Notes
Turn   | Place    | Note
-------+----------+-------------------------------------------
     0 | D:1      | sanka the Hill Orc Brigand began the quest for the Orb.
     0 | D:1      | Reached XP level 1. HP: 18/18 MP: 1/1
   111 | D:1      | Reached skill level 3 in Fighting
   118 | D:1      | Reached XP level 2. HP: 19/26 MP: 2/2
   556 | D:1      | Reached skill level 4 in Fighting
   873 | D:1      | Reached XP level 3. HP: 25/33 MP: 3/3
  1390 | D:2      | Reached skill level 1 in Axes
  1594 | D:2      | Reached XP level 4. HP: 38/41 MP: 4/4
  1744 | D:2      | Reached skill level 2 in Axes
  1911 | D:2      | Reached skill level 5 in Fighting
  2399 | D:3      | Identified the +5 dagger of the Dead {freeze, Will+++ rCorr
                  | MP-9}
  2575 | D:3      | Reached skill level 3 in Axes
  2575 | D:3      | Reached XP level 5. HP: 41/48 MP: 0/5
  2954 | D:3      | Found an ancient bone altar of Kikubaaqudgha.
  3026 | D:4      | Reached skill level 4 in Axes
  3136 | D:4      | Found a staircase to the Ecumenical Temple.
  3147 | D:4      | Noticed Menkaure
  3152 | D:4      | Reached skill level 5 in Axes
  3152 | D:4      | Reached XP level 6. HP: 14/56 MP: 6/6
  3402 | D:4      | HP: 1/56 [Menkaure (8)]
  3404 | D:4      | Killed Menkaure
  3405 | D:4      | Reached skill level 7 in Axes
  3700 | D:4      | Found a stormy altar of Qazlal.
  3734 | D:4      | Reached XP level 7. HP: 56/61 MP: 7/7
  3747 | D:4      | Reached skill level 8 in Axes
  3854 | D:4      | Became a worshipper of Beogh the Brigand
  4244 | D:5      | Entered Level 5 of the Dungeon
  4262 | D:5      | Reached skill level 1 in Invocations
  4437 | D:5      | Reached skill level 2 in Invocations
  4507 | D:5      | Found a broken altar of Ashenzari.
  4540 | D:5      | Reached skill level 9 in Axes
  4619 | D:5      | Reached skill level 3 in Invocations
  4774 | D:5      | Noticed a yak
  4775 | D:5      | Noticed a yak
  4776 | D:5      | Noticed a yak
  5056 | D:4      | Killed a yak
  5057 | D:4      | Reached XP level 8. HP: 36/68 MP: 10/10
  5173 | D:5      | Reached skill level 10 in Axes
  5392 | D:5      | Found an iron altar of Okawaru.
  5532 | D:5      | Reached skill level 11 in Axes
  5574 | D:5      | Found a shadowy altar of Dithmenos.
  5826 | D:5      | Found an iron altar of Okawaru.
  5872 | D:5      | Found a broken altar of Ashenzari.
  5936 | D:5      | Killed a yak
  5937 | D:5      | Reached skill level 12 in Axes
  5945 | D:5      | Killed a yak
  6206 | D:5      | Found a shadowy altar of Dithmenos.
  6706 | D:6      | Reached skill level 13 in Axes
  6706 | D:6      | Reached XP level 9. HP: 74/74 MP: 11/11
  6710 | D:6      | Reached * piety under Beogh
  7016 | D:6      | Reached skill level 14 in Axes
  7556 | D:6      | Found a shimmering altar of Xom.
  7633 | D:6      | Reached skill level 6 in Fighting
  7981 | D:7      | Found Kaptuvau's Magic Scroll Emporium.
  8004 | D:7      | Found Lutzo's Assorted Antiques.
  8030 | D:7      | Found a glowing silver altar of Zin.
  8197 | D:7      | Found a radiant altar of Vehumet.
  8266 | D:7      | Found a basalt altar of Yredelemnul.
  8397 | D:7      | Reached skill level 15 in Axes
  8645 | D:7      | HP: 6/78 [steam dragon] (9)]
  8649 | D:7      | Reached skill level 7 in Fighting
  8993 | D:7      | Reached XP level 10. HP: 86/86 MP: 12/12
  9134 | D:7      | Found a snail-covered altar of Cheibriados.
  9400 | D:7      | Bought a scroll of enchant weapon for 97 gold pieces
  9400 | D:7      | Bought a scroll of poison for 52 gold pieces
  9400 | D:7      | Bought a scroll of identify for 26 gold pieces
  9419 | D:7      | Bought a scroll of identify for 54 gold pieces
  9419 | D:7      | Bought a scroll of identify for 54 gold pieces
  9578 | D:8      | Reached ** piety under Beogh
  9592 | D:8      | Reached skill level 16 in Axes
  9731 | D:8      | Noticed a red ugly thing
 10053 | D:8      | Found a bloodstained altar of Trog.
 10112 | D:8      | Reached skill level 8 in Fighting
 10112 | D:8      | Reached skill level 1 in Armour
 10337 | D:8      | Killed a red ugly thing
 10338 | D:8      | Reached skill level 2 in Armour
 10560 | D:8      | Reached skill level 4 in Invocations
 10654 | D:8      | Got the Secrets of the Faeries and the Traveller
 10800 | D:8      | Paralysed by a hornet for 1 turns
 10810 | D:8      | Reached skill level 17 in Axes
 10810 | D:8      | Reached skill level 3 in Armour
 11013 | D:8      | Noticed a cyclops
 11014 | D:8      | Noticed a kobold demonologist
 11087 | D:8      | Killed a kobold demonologist
 11088 | D:8      | Reached skill level 5 in Invocations
 11088 | D:8      | Reached XP level 11. HP: 95/95 MP: 14/14
 11107 | D:8      | Identified the ring "Giubbu Pusi" {MP+9 Str+3}
 11107 | D:8      | Noticed Maggie
 11107 | D:8      | Noticed a boulder beetle
 11107 | D:8      | Noticed a manticore
 11117 | D:8      | Killed a cyclops
 11118 | D:8      | Reached skill level 9 in Fighting
 11124 | D:8      | Noticed a two-headed ogre
 11130 | D:8      | Killed a boulder beetle
 11131 | D:8      | Reached skill level 4 in Armour
 11464 | D:8      | Found a burning altar of Makhleb.
 11464 | D:8      | Noticed an Executioner
 11565 | D:8      | Killed a manticore
 11728 | D:8      | Killed a two-headed ogre
 11729 | D:8      | Reached skill level 18 in Axes
 11775 | D:8      | Killed Maggie
 11776 | D:8      | Noticed a manticore
 11786 | D:8      | Killed a manticore
 11787 | D:8      | Reached skill level 5 in Armour
 11945 | D:8      | Identified +0 steam dragon scales
 12093 | D:7      | Bought a scroll of teleportation for 39 gold pieces
 12355 | D:9      | Reached skill level 10 in Fighting
 12647 | D:9      | Found a white marble altar of Elyvilon.
 12853 | D:9      | Reached *** piety under Beogh
 13625 | D:10     | Entered Level 10 of the Dungeon
 13633 | D:10     | Reached skill level 6 in Armour
 13890 | D:10     | Reached skill level 19 in Axes
 14118 | D:10     | Identified 3 potions of resistance
 14131 | D:10     | Found a staircase to the Orcish Mines.
 14152 | D:10     | Reached XP level 12. HP: 100/108 MP: 15/15
 14424 | D:10     | Noticed a two-headed ogre
 14430 | D:10     | Killed a two-headed ogre
 14510 | D:10     | Found a staircase to the Lair.
 14746 | D:10     | Noticed a boulder beetle
 14761 | D:10     | Reached skill level 11 in Fighting
 14762 | D:10     | Killed a boulder beetle
 14762 | D:10     | Reached **** piety under Beogh
 14763 | D:10     | Reached skill level 7 in Armour
 14773 | D:10     | Identified +0 steam dragon scales
 15206 | D:10     | Noticed Erica
 15212 | D:10     | Killed Erica
 15478 | D:11     | Noticed a two-headed ogre
 15484 | D:11     | Killed a two-headed ogre
 15485 | D:11     | Reached skill level 20 in Axes
 15796 | D:11     | Identified the +3 sling "Nidunese" {flame, rC++ Str+2 SInv}
 15889 | D:11     | Gained Margrim as an ally
 16209 | Lair:1   | Entered Level 1 of the Lair of Beasts
 16426 | Lair:1   | Reached skill level 8 in Armour
 16427 | Lair:1   | Noticed a boulder beetle
 16440 | Lair:1   | Killed a boulder beetle
 16441 | Lair:1   | Reached skill level 12 in Fighting
 16685 | Lair:1   | Found a runed translucent gate.
 16685 | Lair:1   | Found a runed translucent gate.
 16685 | Lair:1   | Found a runed translucent gate.
 16687 | Lair:1   | Noticed a nine-headed hydra
 16688 | Lair:1   | Noticed Weneqiut's ghost (novice FeCj)
 17440 | Lair:2   | Gained Morbeogh as an ally
 17508 | Lair:2   | Reached skill level 9 in Armour
 17966 | Lair:2   | Reached XP level 13. HP: 89/119 MP: 16/16
 17994 | Lair:2   | Reached skill level 13 in Fighting
 18388 | Lair:2   | Reached skill level 10 in Armour
 19017 | Lair:3   | Found a staircase to the Swamp.
 19031 | Lair:3   | Found a staircase to the Snake Pit.
 19068 | Lair:3   | Your ally Morbeogh died
 19322 | Lair:3   | Reached skill level 14 in Fighting
 19870 | Lair:3   | Reached skill level 11 in Armour
 20378 | Lair:4   | Reached ***** piety under Beogh
 20386 | Lair:3   | HP: 9/125 [death yak (22)]
 20386 | Lair:3   | Mangled by a death yak

Vanquished Creatures
  2 catoblepae (Lair:3)
  2 boulder beetles
  Erica (D:10)
  2 two-headed ogres
  A death yak (Lair:4)
  An ugly thing (D:8)
  A cyclops (D:8)
  2 manticores (D:8)
  2 elephants (Lair:3)
  5 black mambas
  A cane toad (shapeshifter) (D:8)
  4 cane toads
  A kobold demonologist (D:8)
  Maggie (D:8)
  2 komodo dragons
  3 rime drakes
  4 trolls
  3 hornets
  A meliai (D:8)
  7 blink frogs
  A slime creature (D:8)
  2 wyverns
  A shadow (D:11)
  A wraith (D:10)
  25 yaks
  A basilisk (Lair:3)
  4 steam dragons
  4 vampire mosquitoes
  Menkaure (D:4)
  2 wargs (D:10)
  An acid dragon (D:11)
  5 water moccasins
  2 orc warriors
  4 sky beasts
  A black bear (Lair:2)
  A hornet zombie (D:7)
  An ogre (D:4)
  6 wolves
  9 centaurs
  A phantom (D:4)
  A kobold brigand (D:9)
  2 wyvern zombies (D:7)
  7 bullfrogs
  A gnoll sergeant (D:9)
  7 scorpions
  A water moccasin zombie (D:7)
  19 wights
  23 killer bees
  2 electric eels
  A howler monkey (D:8)
  A bullfrog zombie (D:7)
  2 centaur zombies (D:7)
  3 jellies
  4 orc priests
  4 hounds
  5 iguanas
  An iron imp (D:7)
  A sleepcap (D:5)
  3 hell rats (Lair:2)
  7 orc wizards
  A killer bee zombie (D:7)
  7 gnolls
  14 adders
  A white imp (D:8)
  4 ufetubi
  3 worms
  3 dart slugs
  22 orcs
  3 ball pythons (D:1)
  4 bats
  6 endoplasms
  5 giant cockroaches
  8 goblins
  9 hobgoblins
  2 jackals (D:2)
  6 quokkas
  6 frilled lizards
  7 kobolds
  5 rats
330 creatures vanquished.

Vanquished Creatures (collateral kills)
  A two-headed ogre (D:10)
  A boulder beetle (D:10)
  2 elephants (Lair:3)
  A cane toad (Lair:1)
  A komodo dragon (Lair:1)
  A troll (D:11)
  A polar bear (Lair:2)
  4 blink frogs (Lair:2)
  6 yaks
  3 wyverns
  A steam dragon (D:10)
  A vampire mosquito (D:11)
  A water moccasin (Lair:2)
  A killer bee (D:10)
  4 howler monkeys (D:10)
  2 orc priests (D:10)
  3 hell rats (Lair:2)
  4 orc wizards (D:10)
  4 orcs (D:10)
42 creatures vanquished.

Vanquished Creatures (others)
  2 orc knights
  A troll (D:10)
  A yak (D:10)
  An orc priest (D:10)
  An orc wizard (D:10)
  7 orcs
  13 fungi
  68 plants
94 creatures vanquished.

Grand Total: 466 creatures vanquished
